 Dungeon Crawl Stone Soup version 0.32-a0-18-g89e19f1974 (webtiles) character file.

Game seed: 13465265623650081937

327 Scrael the Changeling (level 6, -17/47 HPs)
             Began as a Draconian Shapeshifter on Jan 16, 2024.
             Was a Believer of Cheibriados.
             Demolished by an ogre
             ... wielding a +0 giant spiked club
              (27 damage)
             ... on level 4 of the Dungeon.
             The game lasted 00:02:58 (2476 turns).

Scrael the Changeling (Draconian Shapeshifter)      Turns: 2476, Time: 00:03:00

Health: -17/47     AC:  6    Str: 21    XL:     6   Next: 24%
Magic:  6/6        EV: 12    Int: 17    God:    Cheibriados [**....]
Gold:   153        SH:  0    Dex: 16    Spells: 5/5 levels left

rFire   . . .        w - +0 war axe
rCold   . . .        (no shield)
rNeg    . . .        (body armour unavailable)
rPois   .            (helmet currently unavailable)
rElec   .            (cloak currently unavailable)
rCorr   .            (gloves currently unavailable)
SInv    .            (boots currently unavailable)
Will    .....        v - amulet of magic regeneration
Stlth   +            (no ring)
HPRegen 0.27/turn    (no ring)
MPRegen 0.50/turn

%: no passive effects
@: beast-form, very slow
A: beast (slay +3), AC +6, unfitting armour, cold-blooded
a: Begin Untransformation, Renounce Religion, Bend Time


You were on level 4 of the Dungeon.
You worshipped Cheibriados.
Cheibriados was pleased with you.
You were a hulking beast.
You visited 1 branch of the dungeon, and saw 4 of its levels.

You collected 153 gold pieces.

Inventory:

Hand Weapons
 m - a +0 spear
 p - a +0 club
 q - a +0 halberd
 w - a +0 war axe (weapon)
Missiles
 f - 3 poisoned darts (quivered)
Armour
 g - a +0 pair of gloves
 j - an orb of light
 n - a +0 cloak
Jewellery
 v - an amulet of magic regeneration (around neck)
Talismans
 b - a beast talisman
 c - a flux talisman
 x - a blade talisman
Wands
 y - a wand of flame (4)
Scrolls
 e - 3 scrolls of identify {unknown}
 i - a scroll of silence {unknown}
 k - a scroll of summoning {unknown}
 o - 3 scrolls of vulnerability {unknown}
 r - a scroll of torment {unknown}
 s - 2 scrolls of fog {unknown}
 t - a scroll of enchant weapon {unknown}
 u - a scroll of teleportation {unknown}
Potions
 a - a potion of lignification
 d - a potion of attraction {unknown}
 h - a potion of invisibility {unknown}
 l - a potion of mutation {unknown}
 z - a potion of resistance {unknown}
 A - 2 potions of curing {unknown}
 B - a potion of haste {unknown}


   Skills:
 - Level 1.1 Fighting
 - Level 1.7 Dodging
 - Level 3.0 Unarmed Combat
 + Level 6.6 Shapeshifting


You had 5 spell levels left.
You didn't know any spells.
Your spell library contained the following spells:

 Spells                   Type           Power      Damage    Failure   Level
 Summon Ice Beast         Ice/Summ       0%         N/A       56%         3
 Summon Mana Viper        Hex/Summ       0%         N/A       100%        5
 Monstrous Menagerie      Summ           0%         N/A       100%        7


Dungeon Overview and Level Annotations

Branches:
Dungeon (4/15)             Temple (0/1) D:4

Altars:
Cheibriados
Ru


Innate Abilities, Weirdness & Mutations

You are a hulking beast.
Your limbs bulge with bestial killing power. (Slay +3)
Your plain brown scales are hard. (AC +6)
You cannot fit into any form of body armour.
You are cold-blooded and may be slowed by cold attacks.


Message History

You closely miss the howler monkey. You punch the howler monkey.
The howler monkey is severely wounded.
You completely miss the ogre.
The howler monkey hits you but does no damage.
The ogre hits you with a +0 giant spiked club!!
Ouch! That really hurt!
* * * LOW HITPOINT WARNING * * *
The howler monkey hits you.
* * * LOW HITPOINT WARNING * * *
You fail to use your ability.
The howler monkey hits you but does no damage.
The flow of time bends around you.
The ogre resists with some effort.
Cheibriados rebukes the howler monkey.
The howler monkey seems to slow down.
The ogre barely misses you. The howler monkey barely misses you.
You slash the howler monkey!
You kill the howler monkey!
Cheibriados appreciates the change of pace.
You slash the ogre! The ogre barely misses you.
A hobgoblin comes into view.
You barely miss the ogre.
The ogre is moderately wounded.
The ogre misses you.
You barely miss the ogre.
The ogre is moderately wounded.
The ogre barely misses you.
You hit the ogre.
The ogre is heavily wounded.
The ogre completely misses you.
You hit the ogre. You tail-slap the ogre.
The ogre is severely wounded.
The ogre barely misses you.
You hit the ogre.
You tail-slap the ogre, but do no damage.
The ogre is almost dead.
You barely miss the hobgoblin.
The hobgoblin hits you but does no damage.
The ogre hits you with a +0 giant spiked club!!
Ouch! That really hurt!
You die...

.# .# .#
##+## ## ..
##...##
#..##...!.##
#..#.......##
#####.
#...........#
......
.......†....+
###...
......Oh....#
##.#...g...##
##. ... ..
##.....#....
...#.#....#
##...## ###
.###.#..#.#
##'##
##...##.#.#
#.#
......#...##
#.#
#..>..##...#
##.## #
#........#.#
##...##.##


You could see an ogre and a hobgoblin.

Vanquished Creatures
  A howler monkey (D:4)
  A jelly (D:4)
  Ijyb (D:3)
  An iguana (D:3)
  An orc wizard (D:2)
  5 gnolls (D:2)
  6 adders (D:2)
  A dart slug (D:3)
  7 orcs
  7 ball pythons
  8 endoplasms
  4 giant cockroaches
  5 goblins
  7 hobgoblins
  9 jackals
  A quokka (D:1)
  6 bats
  3 frilled lizards
  5 rats
79 creatures vanquished.

Notes
Turn   | Place    | Note
-------+----------+-------------------------------------------
     0 | D:1      | Scrael the Draconian Shapeshifter began the quest for the
                  | Orb.
     0 | D:1      | Reached XP level 1. HP: 16/16 MP: 1/1
   114 | D:1      | Reached XP level 2. HP: 23/23 MP: 2/2
   504 | D:1      | Reached skill level 4 in Shapeshifting
   686 | D:2      | Reached XP level 3. HP: 28/28 MP: 3/3
   822 | D:2      | Reached XP level 4. HP: 20/35 MP: 4/4
   964 | D:2      | Reached skill level 5 in Shapeshifting
  1101 | D:2      | Found a faded altar of an unknown god.
  1146 | D:2      | Prayed at the altar of an unknown god.
  1146 | D:2      | Became a worshipper of Cheibriados the Contemplative
  1146 | D:2      | Reached * piety under Cheibriados
  1303 | D:2      | Reached XP level 5. HP: 33/40 MP: 5/5
  1805 | D:2      | Reached ** piety under Cheibriados
  1990 | D:3      | Noticed Ijyb
  2011 | D:3      | Killed Ijyb
  2012 | D:3      | Reached skill level 6 in Shapeshifting
  2325 | D:3      | Found a sacrificial altar of Ru.
  2367 | D:4      | Reached XP level 6. HP: 42/47 MP: 6/6
  2421 | D:4      | Found a staircase to the Ecumenical Temple.
  2476 | D:4      | Demolished by an ogre

Illustrated notes

Levels and vault maps discovered:
D:1:      amcnicky_arrival_single_pillar, layout_basic, chequers_avenue,
          hangedman_decor_riveting, nicolae_houndstooth_variations
D:2:      layout_basic, hellmonk_ecumenical_altar_defaced_shrine,
          nicolae_concentric_dashed_squares_wild, minmay_tall_x
D:3:      layout_rooms, nicolae_ru_path_of_blood, uniq_ijyb
D:4:      layout_loops_corners, minmay_temple_entry_slanted

Skill      XL: |  1  2  3  4  5 |
---------------+----------------+-----
Shapeshifting  | 4 5 6 |  6.6
Fighting       | |  1.1
Dodging        | |  1.7
Unarmed Combat | |  3.0

Action                     |  1- 3 |  4- 6 || total
---------------------------+-------+-------++-------
  Melee: Unarmed           |    68 |       ||    68
         Tailslap          |    15 |    11 ||    26
         Punch             |     1 |     2 ||     3
         Halberd           |       |    91 ||    91
         War axe           |       |    43 ||    43
 Invoke: Bend Time         |       |     1 ||     1
 Armour: Skin              |    41 |   125 ||   166
  Dodge: Dodged            |    41 |   135 ||   176

Table legend: (Time is in decaauts)
 A = Elapsed time spent in this place.
 B = Non-inter-level travel time spent in this place.
 C = Inter-level travel time spent in this place.
 D = Time resting spent in this place.
 E = Time spent auto-exploring this place.
 F = Levels seen in this place.
 G = Mean time per level.
                   A        B        C        D        E       F      G
               +--------+--------+--------+--------+--------+-----+--------+
         Total |   3005 |   2843 |    162 |      0 |   2262 |   4 |  751.2 |
       Dungeon |   3005 |   2843 |    162 |      0 |   2262 |   4 |  751.2 |
               +--------+--------+--------+--------+--------+-----+--------+

Top non-repeatable levels by time:
     D:2: 1384 daAuts
     D:3: 781 daAuts
     D:1: 672 daAuts
     D:4: 167 daAuts
